 Dungeon Crawl Stone Soup version 0.30-a0-748-ge6a52f7cba (webtiles) character file.

Game seed: 14573177685670894052

1537 mistaj the Spear-Bearer (level 8, -1/63 (64) HPs)
             Began as a Merfolk Gladiator on Feb 8, 2023.
             Was a Follower of Okawaru.
             Slain by a wight
             ... wielding a +4 hand axe of freezing
              (2 damage)
             ... on level 7 of the Dungeon.
             The game lasted 00:09:57 (6444 turns).

mistaj the Spear-Bearer (Merfolk Gladiator)         Turns: 6444, Time: 00:09:58

HP:   -1/63 (64)    AC:  7    Str: 14    XL:     8   Next: 86%
MP:   8/8           EV: 11    Int: 21    God:    Okawaru [*.....]
Gold: 251           SH: 11    Dex: 15    Spells: 7/7 levels left

rFire   + + .      SeeInvis .    a - +1 trident
rCold   . . .      Faith    .    b - +0 tower shield
rNeg    . . .      Spirit   .    o - +3 leather armour {rF+}
rPois   +          Reflect  .    k - +0 helmet of Intuition {rPois rF+ MP-9 Int+5}
rElec   .          Harm     .    (no cloak)
rCorr   .          Rampage  .    (no gloves)
Will    .....                    (no boots)
Stlth   +                        (no amulet)
HPRegen 0.30/turn                p - ring of magical power
MPRegen 0.11/turn                c - +6 ring of intelligence

@: lightly drained
A: (nimble swimmer 2), mertail
a: Renounce Religion, Heroism


You were on level 7 of the Dungeon.
You worshipped Okawaru.
Okawaru was aware of your devotion.
You visited 2 branches of the dungeon, and saw 8 of its levels.

You collected 251 gold pieces.

Inventory:

Hand Weapons
 a - a +1 trident (weapon)
Missiles
 d - 3 throwing nets (quivered)
 e - a javelin
Armour
 b - a +0 tower shield (worn)
 k - the +0 helmet of Intuition (worn) {rPois rF+ MP-9 Int+5}
   (You found it on level 2 of the Dungeon)

   Int:       It affects your intelligence (+5).
   rF:        It protects you from fire.
   rPois:     It protects you from poison.
   MP:        It affects your magic capacity (-9).
 o - a +3 leather armour of fire resistance (worn)
Jewellery
 c - a +6 ring of intelligence (right hand)
 f - a +6 ring of dexterity
 p - a ring of magical power (left hand)
 u - a ring of wizardry
Wands
 q - a wand of mindburst (8)
 t - a wand of polymorph (13)
Scrolls
 h - a scroll of blinking
 i - 7 scrolls of identify
 n - 2 scrolls of enchant weapon
 v - 2 scrolls of fear
 x - a scroll of fog
Potions
 g - 10 potions of curing
 j - a potion of cancellation
 l - a potion of attraction
 r - a potion of berserk rage
 s - a potion of ambrosia
 w - a potion of lignification


   Skills:
 + Level 6.2 Fighting
 + Level 8.1 Polearms
 + Level 5.7 Throwing
 + Level 8.1 Dodging


You had 7 spell levels left.
You didn't know any spells.
Your spell library contained the following spells:

 Spells                   Type           Power      Damage    Failure   Level
 Freeze                   Ice            0%         1d3       99%         1
 Frozen Ramparts          Ice            0%         1d1       100%        3
 Hailstorm                Conj/Ice       0%         3d3       100%        3


Dungeon Overview and Level Annotations

Branches:
Dungeon (7/15)             Temple (1/1) D:6

Altars:
Dithmenos
Elyvilon
Hepliaklqana
Kikubaaqudgha
Makhleb
Nemelex Xobeh
Okawaru
Ru
Sif Muna
Trog
Xom
Yredelemnul

Annotations:
D:4 1 runed translucent door, mandoloar's ghost, amateur GrEE


Innate Abilities, Weirdness & Mutations

((You are very nimble when in or above water. (Stealth+, EV+, Speed+++)))
Your lower body shifts to a powerful aquatic tail in water.


Message History

You closely miss the wight.
The wight is moderately damaged.
The wight hits you with a +4 hand axe of freezing.
The wight freezes you.
You puncture the wight!
The wight is almost destroyed.
The wight hits you with a +4 hand axe of freezing!
The wight freezes you.
* * * LOW HITPOINT WARNING * * *
The wight hits you with a +4 hand axe of freezing.
* * * LOW HITPOINT WARNING * * *
The wight freezes you.
* * * LOW HITPOINT WARNING * * *
You are too injured to fight recklessly!
You are too injured to fight recklessly!
You closely miss the wight.
The wight is almost destroyed.
You block the wight's attack.
You hit the wight.
The wight is almost destroyed.
The wight misses you.
You closely miss the wight.
The wight is almost destroyed.
The wight hits you with a +4 hand axe of freezing.
* * * LOW HITPOINT WARNING * * *
The wight freezes you.
* * * LOW HITPOINT WARNING * * *
You block the wight's attack.
You barely miss the wight.
The wight is almost destroyed.
You block the wight's attack.
You barely miss the wight.
The wight is almost destroyed.
The wight barely misses you.
The wight hits you with a +4 hand axe of freezing.
* * * LOW HITPOINT WARNING * * *
You feel drained.
* * * LOW HITPOINT WARNING * * *
The wight freezes you.
You die...

#.## #. .. #..# !. ...
####.#### #. ##..<
#.......#..# .. ....
#........... K###...
#.[.....#### ..#.####
#<).....# ###).....#
###.......# #)z..!#
.##....>..# #@#####
.#######.#######.#######
..................)....#
.#######.####.########..
.# #.......# .#
#.......# ## #.......#
#.......# #.......#


You could see a wight.

Vanquished Creatures
  2 water moccasins
  An ogre (D:6)
  A kobold brigand (D:7)
  4 bullfrogs
  4 scorpions
  A necrophage (D:6)
  A wight (D:7)
  2 jellies
  4 orc priests
  A hound (D:4)
  Jessica (D:2)
  2 iguanas (D:5)
  An orc wizard (D:6)
  5 gnolls (D:6)
  6 adders
  2 shadow imps
  4 ufetubi
  4 worms
  2 dart slugs
  16 orcs
  6 ball pythons
  4 endoplasms
  5 giant cockroaches
  9 goblins
  4 hobgoblins
  3 jackals (D:3)
  2 quokkas
  5 bats
  2 frilled lizards (D:1)
  12 kobolds
  2 rats
118 creatures vanquished.

Vanquished Creatures (others)
  2 withered plants (D:4)
2 creatures vanquished.

Grand Total: 120 creatures vanquished

Notes
Turn   | Place    | Note
-------+----------+-------------------------------------------
     0 | D:1      | mistaj the Merfolk Gladiator began the quest for the Orb.
     0 | D:1      | Reached XP level 1. HP: 16/16 MP: 1/1
    32 | D:1      | Found a faded altar of an unknown god.
   168 | D:1      | Reached XP level 2. HP: 23/23 MP: 2/2
   675 | D:2      | Reached XP level 3. HP: 19/28 MP: 3/3
   991 | D:2      | Identified the +0 helmet of Intuition {rPois rF+ MP-9
                  | Int+5}
  1127 | D:2      | Noticed Jessica
  1379 | D:2      | Killed Jessica
  1380 | D:2      | Reached XP level 4. HP: 7/35 MP: 0/4
  2069 | D:3      | Found a sacrificial altar of Ru.
  2366 | D:3      | Reached skill level 5 in Dodging
  2605 | D:4      | Noticed a scorpion
  2642 | D:4      | Noticed a scorpion
  2658 | D:4      | Killed a scorpion
  2659 | D:4      | Reached skill level 5 in Polearms
  2659 | D:4      | Reached XP level 5. HP: 25/41 MP: 5/5
  2864 | D:4      | Found a runed translucent door.
  2866 | D:4      | Noticed mandoloar's ghost (amateur GrEE)
  3307 | D:4      | Reached XP level 6. HP: 37/48 MP: 6/6
  3969 | D:5      | Entered Level 5 of the Dungeon
  3977 | D:5      | Reached XP level 7. HP: 51/55 MP: 7/7
  5108 | D:6      | Reached skill level 5 in Fighting
  5132 | D:6      | Reached XP level 8. HP: 54/62 MP: 8/8
  5134 | D:6      | Found a staircase to the Ecumenical Temple.
  5150 | Temple   | Entered the Ecumenical Temple
  5241 | Temple   | Became a worshipper of Warmaster Okawaru
  5438 | D:6      | Reached skill level 5 in Throwing
  5611 | D:6      | Found a shimmering altar of Xom.
  6242 | D:7      | Reached * piety under Okawaru
  6444 | D:7      | HP: 3/64 [wight/+4 hand axe of freezing (4)]
  6444 | D:7      | HP: 1/63 [wight/+4 hand axe of freezing (2)]
  6444 | D:7      | Slain by a wight

Illustrated notes

Levels and vault maps discovered:
D:1:      kennysheep_arrival_forest, layout_loops_ring,
          ebering_ecumenical_altar_box, corexii_hall_statues_t,
          nicolae_wormholes
D:2:      layout_rooms, uniq_jessica
D:3:      layout_basic, nicolae_ru_path_of_blood
D:4:      layout_gridville, gammafunk_ghost_grave, dk_rats_in_the_wall
D:5:      layout_loops_cross
D:6:      layout_loops_ring, tgw_xom, minmay_temple_entry_arrows
D:7:      layout_rooms, uniq_pikel
Temple:   nicolae_temple_elliptical

Skill      XL: |  1  2  3  4  5  6  7  8 |
---------------+-------------------------+-----
Fighting       | 3 4 5 6 |  6.2
Dodging        | 5 6 7 8 |  8.1
Polearms       | 5 6 7 8 |  8.1
Throwing       | 3 4 5 |  5.7

Action                     |  1- 3 |  4- 6 |  7- 9 || total
---------------------------+-------+-------+-------++-------
  Melee: Trident           |   111 |   146 |   244 ||   501
         Punch             |     2 |       |       ||     2
    Use: Scroll            |       |    11 |     5 ||    16
   Stab: Sleeping          |       |     2 |     1 ||     3
         Distracted        |       |     1 |       ||     1
 Armour: Chain mail        |    14 |       |       ||    14
         Plate armour      |    30 |       |       ||    30
         Leather armour    |     6 |    35 |    38 ||    79
  Dodge: Dodged            |    40 |    76 |   127 ||   243
  Block: Buckler           |     3 |    11 |    33 ||    47
         Tower shield      |       |       |    20 ||    20

Table legend: (Time is in decaauts)
 A = Elapsed time spent in this place.
 B = Non-inter-level travel time spent in this place.
 C = Inter-level travel time spent in this place.
 D = Time resting spent in this place.
 E = Time spent auto-exploring this place.
 F = Levels seen in this place.
 G = Mean time per level.
                   A        B        C        D        E       F      G
               +--------+--------+--------+--------+--------+-----+--------+
         Total |   6486 |   6313 |    173 |   1810 |   3163 |   8 |  810.8 |
       Dungeon |   6378 |   6220 |    158 |   1762 |   3156 |   7 |  911.1 |
        Temple |    107 |     92 |     15 |     48 |      7 |   1 |  107.0 |
               +--------+--------+--------+--------+--------+-----+--------+

Top non-repeatable levels by time:
     D:4: 1335 daAuts
     D:6: 1191 daAuts
     D:3: 1108 daAuts
     D:1: 845 daAuts
     D:5: 790 daAuts
     D:2: 706 daAuts
     D:7: 400 daAuts
  Temple: 107 daAuts
